 Dungeon Crawl Stone Soup version 0.31.0-32-g396128a36d (webtiles) character file.

Game seed: 5499196718364957886

10 H0rd4k the Charlatan (level 2, -2/18 HPs)
             Began as an Octopode Artificer on Apr 19, 2024.
             Slain by a kobold
             ... wielding a +0 whip
              (3 damage)
             ... on level 1 of the Dungeon.
             The game lasted 00:00:39 (100 turns).

H0rd4k the Charlatan (Octopode Artificer)            Turns: 100, Time: 00:00:40

Health: -2/18      AC:  1    Str: 11    XL:     2   Next: 20%
Magic:  2/2        EV: 13    Int: 13    God:
Gold:   9          SH:  0    Dex: 12    Spells: 1/1 levels left

rFire   . .          .
                       - Unarmed
rCold   . . .        (no shield)
rNeg    . . .        (helmet restricted)
rPois   .            (no amulet)
rElec   .            (no ring)
rCorr   .            (no ring)
SInv    .            (no ring)
Will    .....        (no ring)
Stlth   +++          (no ring)
HPRegen 0.23/turn    (no ring)
MPRegen 0.08/turn    (no ring)
                     (no ring)

%: no passive effects
@: no status effects
A: almost no armour, amphibious, 8 rings, camouflage 1, gelatinous body 1,
(nimble swimmer 1), tentacles
a: no special abilities


You were on level 1 of the Dungeon.
You visited 1 branch of the dungeon, and saw 1 of its levels.

You collected 9 gold pieces.

Inventory:

Wands
 b - a wand of flame (15) (quivered)
 c - a wand of charming (14)
 d - a wand of iceblast (5)
Scrolls
 a - a scroll of vulnerability {unknown}
 e - a scroll of identify {unknown}


   Skills:
 + Level 1.3 Fighting
 - Level 2.3 Dodging
 - Level 1.3 Stealth
 + Level 1.5 Unarmed Combat
 - Level 3.2 Evocations


You had one spell level left.
You didn't know any spells.
Your spell library was empty.

Dungeon Overview and Level Annotations

Branches:
Dungeon (1/15)

Altars:


Innate Abilities, Weirdness & Mutations

You cannot wear most types of armour.
You are amphibious.
You can wear up to eight rings at the same time.
Your skin changes colour to match your surroundings (Stealth+).
Your rubbery body absorbs attacks. (AC +1, EV +1)
((You are camouflaged when in or above water. (Stealth+)))
You have tentacles for arms and can constrict up to eight enemies at once.


Message History

A kobold comes into view. It is wielding a +0 whip.
The giant cockroach bites you.
The kobold shouts! x2
You tentacle-slap the giant cockroach.
You kill the giant cockroach!
The endoplasm freezes you.
You are frozen.
You tentacle-slap the endoplasm.
The endoplasm is heavily wounded.
The endoplasm misses you.
You tentacle-slap the endoplasm.
You kill the endoplasm!
The ball python barely misses you. The ball python completely misses you.
The kobold barely misses you. The ball python bites you.
The ball python barely misses you.
You closely miss the ball python. Your grab misses the ball python.
Your squeeze misses the ball python.
The kobold hits you with a +0 short sword.
The ball python bites you. The ball python barely misses you.
The kobold attacks as it pursues you!
The kobold hits you with a +0 short sword.
You tentacle-slap the kobold. Your grab misses the kobold.
The kobold is heavily wounded.
You tentacle-slap the ball python.
You kill the ball python!
The kobold closely misses you.
You barely miss the kobold. Your grab misses the kobold.
The kobold hits you with a +0 whip.
* * * LOW HITPOINT WARNING * * *
The kobold hits you with a +0 short sword.
* * * LOW HITPOINT WARNING * * *
The kobold attacks as it pursues you! The kobold hits you with a +0 whip.
* * * LOW HITPOINT WARNING * * *
Aiming: Charm
Press: ? - help, Shift-Dir - straight line, f - kobold
Aim: a kobold, wielding a +0 short sword (moderately wounded, chance to affect: 73%)
The kobold is charmed.
A giant cockroach comes into view.
The kobold hits you with a +0 whip.
You die...

#.........### .
#...........##.#
##.............
##..>....##.# #
##.......[!#.#
##.##..#$...
#.##..#.##.###
#.##KK†.......
#.##@##.......
#.##.# .......
#. ... .......
............
.#...#.......
#.##.##....... #
... .....). ###
.B


You could see a giant cockroach (wandering), a kobold and a friendly kobold
(charmed).

Vanquished Creatures
  2 ball pythons (D:1)
  An endoplasm (D:1)
  A giant cockroach (D:1)
  A goblin (D:1)
  A hobgoblin (D:1)
  A bat (D:1)
  A frilled lizard (D:1)
  2 rats (D:1)
10 creatures vanquished.

Notes
Turn   | Place    | Note
-------+----------+-------------------------------------------
     0 | D:1      | H0rd4k the Octopode Artificer began the quest for the Orb.
     0 | D:1      | Reached XP level 1. HP: 13/13 MP: 1/1
    54 | D:1      | Reached skill level 1 in Unarmed Combat
    77 | D:1      | Reached XP level 2. HP: 18/18 MP: 2/2
   100 | D:1      | Slain by a kobold

Illustrated notes

Levels and vault maps discovered:
D:1:      scummos_arrival_simple_crosswalls, layout_loops_ring, minmay_domino_4

Skill      XL: |  1 |
---------------+----+-----
Unarmed Combat | 1 |  1.5
Fighting       | |  1.3
Dodging        | |  2.3
Stealth        | |  1.3
Evocations     | |  3.2

Action                     || total
---------------------------++-------
  Melee: Unarmed           ||    21
         Constrict         ||     5
         Tentacles         ||     5
  Evoke: Wand              ||     1
 Armour: Skin              ||    10
  Dodge: Dodged            ||    15
